 Dungeon Crawl Stone Soup version 0.29-a0-393-g47a863cc1b (webtiles) character file.

Game seed: 5583826656703879901

16 thiscave3701365 the Skirmisher (level 2, 11/27 HPs)
             Began as a Minotaur Fighter on May 10, 2022.
             Quit the game on level 1 of the Dungeon.
             The game lasted 00:00:19 (713 turns).

thiscave3701365 the Skirmisher (Minotaur Fighter)    Turns: 713, Time: 00:00:19

Health: 11/27      AC:  7    Str: 20    XL:     2   Next: 41%
Magic:  1/1        EV:  9    Int:  5    God:
Gold:   41         SH:  4    Dex:  9    Spells: 1/1 levels left

rFire   . . .      SeeInvis .   a - +0 long sword
rCold   . . .      Faith    .   c - +0 buckler
rNeg    . . .      Spirit   .   b - +0 scale mail
rPois   .          Reflect  .   (helmet restricted)
rElec   .          Harm     .   (no cloak)
rCorr   .          Rampage  .   (no gloves)
Will    .....                   (no boots)
Stlth   ..........              (no amulet)
HPRegen 0.09/turn               (no ring)
MPRegen 0.07/turn               (no ring)

@: no status effects
A: horns 2, retaliatory headbutt
a: no special abilities


You were on level 1 of the Dungeon.
You visited 1 branch of the dungeon, and saw 1 of its levels.

You collected 41 gold pieces.

Inventory:

Hand Weapons
 a - a +0 long sword (weapon)
Armour
 b - a +0 scale mail (worn)
 c - a +0 buckler (worn)
Scrolls
 h - a scroll of vulnerability {unknown}
Potions
 d - a potion of might
 e - 2 potions of attraction {unknown}
 f - a potion of degeneration {unknown}
 g - a potion of cancellation {unknown}
 i - a potion of flight {unknown}
 j - 2 potions of magic {unknown}
 k - a potion of heal wounds {unknown}


   Skills:
 + Level 3.9 Fighting
 + Level 2.8 Long Blades
 + Level 3.9 Armour
 + Level 3.9 Shields


You had one spell level left.
You didn't know any spells.
Your spell library was empty.

Dungeon Overview and Level Annotations

Branches:
Dungeon (1/15)

Altars:


Innate Abilities, Weirdness & Mutations

You have a pair of horns on your head.
You reflexively headbutt those who attack you in melee.


Message History

A goblin is nearby!
You are too injured to fight recklessly!
A goblin is nearby!
You are too injured to fight recklessly!
A goblin is nearby!
You are too injured to fight recklessly!
A goblin is nearby!
You are too injured to fight recklessly!
A goblin is nearby!
You are too injured to fight recklessly!
A goblin is nearby!
You are too injured to fight recklessly!
A goblin is nearby!
You are too injured to fight recklessly!
A goblin is nearby!
You are too injured to fight recklessly!
A goblin is nearby!
You are too injured to fight recklessly!
A goblin is nearby!
You are too injured to fight recklessly!
A goblin is nearby!
You are too injured to fight recklessly!
A goblin is nearby!
You are too injured to fight recklessly!
A goblin is nearby!
You are too injured to fight recklessly!
A goblin is nearby!
You are too injured to fight recklessly!
A goblin is nearby!
You are too injured to fight recklessly!
A goblin is nearby!
You are too injured to fight recklessly!
Unknown command.
A goblin is nearby!
You are too injured to fight recklessly!
A goblin is nearby!
You are too injured to fight recklessly!
A goblin is nearby!
You are too injured to fight recklessly!
Are you sure you want to abandon this character and quit the game? (Confirm with "yes".)

#..#>...........
#..#.......##### #...
####..###..### ..#
#.##.# ##.# ### .....
#.# #.##.# ##.### # #.#
#.###.....
#...###.####....#
......g@.)......#######
####
.##.###.######........#
...# #.# ##.#####.#
##.#.. ..# #.# # ......
#### ###.# .# ##.#.#
#######...#####.## .#
#########
#.......#......... ##
#.......#
#.#####...#......# #
##.8.8...## #.#
##...........#


You could see a goblin.

Vanquished Creatures
  2 endoplasms (D:1)
  A giant cockroach (D:1)
  4 goblins (D:1)
  3 hobgoblins (D:1)
  A quokka (D:1)
  2 frilled lizards (D:1)
  A rat (D:1)
14 creatures vanquished.

Notes
Turn   | Place    | Note
-------+----------+-------------------------------------------
     0 | D:1      | thiscave3701365 the Minotaur Fighter began the quest for
                  | the Orb.
     0 | D:1      | Reached XP level 1. HP: 19/19 MP: 0/0
     6 | D:1      | Noticed a hound
     6 | D:1      | Noticed a swamp worm
     7 | D:1      | Noticed a swamp drake
     7 | D:1      | Noticed a water moccasin
   256 | D:1      | Found a faded altar of an unknown god.
   271 | D:1      | Reached XP level 2. HP: 22/27 MP: 1/1
   713 | D:1      | Quit the game

Illustrated notes

Levels and vault maps discovered:
D:1:      onia_arrival_zoo_common, layout_loops_ring,
          dreamdust_ecumenical_altar_statues

Action                   || total
-------------------------++-------
Melee: Long sword        ||    38
       Headbutt          ||     5
Armor: Scale mail        ||    32
Dodge: Dodged            ||    26
Block: Buckler           ||    12

Table legend: (Time is in decaauts)
 A = Elapsed time spent in this place.
 B = Non-inter-level travel time spent in this place.
 C = Inter-level travel time spent in this place.
 D = Time resting spent in this place.
 E = Time spent auto-exploring this place.
 F = Levels seen in this place.
 G = Mean time per level.
                   A        B        C        D        E       F      G
               +--------+--------+--------+--------+--------+-----+--------+
         Total |    724 |    724 |      0 |      0 |    632 |   1 |  724.0 |
       Dungeon |    724 |    724 |      0 |      0 |    632 |   1 |  724.0 |
               +--------+--------+--------+--------+--------+-----+--------+

Top non-repeatable levels by time:
     D:1: 724 daAuts
